 Dungeon Crawl Stone Soup version 0.28.0-47-ge53b351184 (webtiles) character file.

Game seed: 648296770196727872

58 Kniotic the Insei (level 3, -1/27 HPs)
             Began as a Demonspawn Gladiator on May 9, 2022.
             Slain by a quokka (4 damage)
             ... on level 3 of the Dungeon.
             The game lasted 00:02:10 (2213 turns).

Kniotic the Insei (Demonspawn Gladiator)            Turns: 2213, Time: 00:02:10

Health: -1/27      AC:  7    Str: 14    XL:     3   Next: 76%
Magic:  0/3        EV: 12    Int:  9    God:
Gold:   95         SH:  0    Dex: 16    Spells: 2/2 levels left

rFire   . . .      SeeInvis .     - Unarmed
rCold   . . .      Faith    .   (no shield)
rNeg    . . .      Spirit   +   a - +0 leather armour
rPois   .          Reflect  .   (helmet restricted)
rElec   .          Harm     .   (no cloak)
rCorr   .          Rampage  .   m - +1 pair of gloves
Will    .....                   (no boots)
Stlth   +.........              e - amulet of guardian spirit
HPRegen 0.09/turn               (no ring)
MPRegen 0.08/turn               (no ring)

@: no status effects
A: antennae 1, slimy green scales 1
a: no special abilities


You were on level 3 of the Dungeon.
You visited 1 branch of the dungeon, and saw 3 of its levels.

You collected 95 gold pieces.

Inventory:

Missiles
 c - 3 throwing nets (quivered)
Armour
 a - a +0 leather armour (worn)
 b - a +0 helmet
 i - a +0 pair of gloves
 m - a +1 pair of gloves (worn)
Jewellery
 e - an amulet of guardian spirit (around neck)
 n - a ring of see invisible
Scrolls
 f - a scroll of enchant armour {unknown}
 g - a scroll of identify {unknown}
 j - 2 scrolls of noise {unknown}
 k - a scroll of teleportation {unknown}
Potions
 d - a potion of brilliance {unknown}
 h - a potion of magic {unknown}
 l - a potion of mutation {unknown}


   Skills:
 - Level 2.2 Fighting
 - Level 2.0 Throwing
 - Level 2.8 Dodging
 + Level 4.0 Unarmed Combat


You had 2 spell levels left.
You didn't know any spells.
Your spell library contained the following spells:

 Spells                   Type           Power      Damage    Failure   Level
 Magic Dart               Conj           0%         1d3       45%         1
 Searing Ray              Conj           0%         2d4       61%         2
 Call Canine Familiar     Summ           0%         N/A       83%         3
 Portal Projectile        Hex/Tloc       0%         N/A       83%         3
 Fulminant Prism          Conj/Hex       0%         3d6       99%         4
 Leda's Liquefaction      Hex/Erth       0%         N/A       99%         4


Dungeon Overview and Level Annotations

Branches:
Dungeon (3/15)

Altars:


Innate Abilities, Weirdness & Mutations

You have a pair of small antennae on your head.
You are partially covered in slimy green scales. (AC +2)


Message History

The orc is severely wounded.
The quokka bites you. The orc closely misses you.
You are too injured to fight recklessly!
The quokka misses you.
You hit the orc but do no damage.
The orc is severely wounded.
The orc hits you with a +1 hand axe of freezing.
The orc freezes you.
You closely miss the orc.
The orc is severely wounded.
The orc misses you.
You hit the orc.
The orc is almost dead.
The orc hits you with a +1 hand axe of freezing.
* * * LOW HITPOINT WARNING * * *
The orc freezes you.
* * * LOW HITPOINT WARNING * * *
You hit the orc.
You kill the orc!
The quokka barely misses you.
You barely miss the quokka. The quokka bites you.
* * * LOW HITPOINT WARNING * * *
You hit the quokka but do no damage. The quokka bites you.
* * * LOW HITPOINT WARNING * * *
You hit the quokka.
The quokka is moderately wounded.
The quokka bites you but does no damage.
You closely miss the quokka.
The quokka is moderately wounded.
The quokka barely misses you.
You hit the quokka.
The quokka is almost dead.
The quokka barely misses you.
You completely miss the quokka.
The quokka is almost dead.
The quokka bites you but does no damage.
You hit the quokka but do no damage.
The quokka is almost dead.
The quokka bites you.
You die...

#.# #.# #.# #.####### .
#.......# . #.#####.# #
#. ######.## #.# #.#.#
#.[.....# ##.## #....#
#@####..###...##
....!.##r# #..##.#.#.###
#......#.# #............
.........#####.##.#.#.###
#.#....#.................
#.#.##.#####.##...##### #
#. #.# #.##...# # #.#
#......# #.# ###.#.##


You could see a quokka.

Vanquished Creatures
  A worm (D:2)
  3 dart slugs
  5 orcs
  3 bats
  8 endoplasms
  A giant cockroach (D:1)
  A goblin (D:1)
  A jackal (D:1)
  3 quokkas (D:1)
  10 ball pythons
  A frilled lizard (D:2)
  A kobold (D:1)
  3 rats
41 creatures vanquished.

Notes
Turn   | Place    | Note
-------+----------+-------------------------------------------
     0 | D:1      | Kniotic the Demonspawn Gladiator began the quest for the
                  | Orb.
     0 | D:1      | Reached XP level 1. HP: 16/16 MP: 1/1
   240 | D:1      | Gained mutation: You have a pair of small antennae on your
                  | head. [demonic ancestry]
   240 | D:1      | Reached XP level 2. HP: 21/22 MP: 2/2
   294 | D:1      | Reached skill level 3 in Unarmed Combat
  1175 | D:1      | Found a faded altar of an unknown god.
  1197 | D:1      | Gained mutation: You are partially covered in slimy green
                  | scales. (AC +2) [demonic ancestry]
  1197 | D:1      | Reached XP level 3. HP: 16/27 MP: 3/3
  1969 | D:2      | Reached skill level 4 in Unarmed Combat
  2213 | D:3      | Slain by a quokka

Illustrated notes

Levels and vault maps discovered:
D:1:      dpeg_arrival_round_c, layout_basic, chequers_ecumenical_altar_island,
          minmay_tall_x
D:2:      layout_rooms, minmay_misc_feat_x, minivault_25
D:3:      layout_loops_ring, lemuel_flame_loot_1

Skill      XL: |  1  2  3 |
---------------+----------+-----
Throwing       | 2 |  2.0
Unarmed Combat | 3 4 |  4.0
Fighting       | |  2.2
Dodging        | |  2.8

Action                   || total
-------------------------++-------
Melee: Unarmed           ||   180
       Punch             ||     3
 Stab: Sleeping          ||     1
Armor: Leather armour    ||    47
Dodge: Dodged            ||   137
